 Dungeon Crawl Stone Soup version 0.26.1-11-gd32895ea62 (webtiles) character file.

Game seed: 10722946644435550385

329 nothank2 the Chiller (level 6, -3/41 HPs)
             Began as a Merfolk Ice Elementalist on June 22, 2021.
             Slain by Grinder (5 damage)
             ... on level 3 of the Dungeon.
             The game lasted 00:16:48 (2567 turns).

nothank2 the Chiller (Merfolk Ice Elementalist)     Turns: 2567, Time: 00:16:48

Health: -3/41      AC:  6    Str:  8    XL:     6   Next: 50%
Magic:  4/12       EV: 13    Int: 17    God:
Gold:   60         SH:  0    Dex: 14    Spells: 9/13 levels left

rFire    . . .     SeeInvis .   h - +2 dagger (pain)
rCold    . . .     Faith    .   (no shield)
rNeg     . . .     Spirit   .   a - +0 robe
rPois    .         Reflect  .   e - +1 helmet
rElec    .         Harm     .   (no cloak)
rCorr    .         Rampage  .   i - +1 pair of gloves
Will     .....                  (no boots)
Stlth    ++........             (no amulet)
HPRegen  0.13/turn              (no ring)
MPRegen  0.13/turn              (no ring)

@: frozen ramparts
A: change form in water, swift swim, stealthy swim
a: no special abilities


You were on level 3 of the Dungeon.
You visited 1 branch of the dungeon, and saw 3 of its levels.

You collected 60 gold pieces.

Inventory:

Hand Weapons
 h - a +2 dagger of pain (weapon)
Missiles
 f - 12 poisoned darts
Armour
 a - a +0 robe (worn)
 e - a +1 helmet (worn)
 i - a +1 pair of gloves (worn)
Scrolls
 b - 2 scrolls of identify {unknown}
 g - a scroll of fog {unknown}
 j - a scroll of teleportation {unknown}
 k - a scroll of remove curse {unknown}
 m - 2 scrolls of enchant weapon {unknown}
Potions
 c - 2 potions of curing {unknown}
 d - a potion of heal wounds {unknown}


   Skills:
 - Level 1.0 Short Blades
 - Level 2.6 Dodging
 - Level 2.1 Stealth
 + Level 4.4 Spellcasting
 + Level 6.5 Ice Magic
 + Level 0.2 Evocations


You had 9 spell levels left.
You knew the following spells:

 Your Spells              Type           Power        Failure   Level
a - Freeze                Ice            100%         1%          1
b - Frozen Ramparts       Ice            52%          3%          3

Your spell library contained the following spells:

 Spells                   Type           Power        Failure   Level
 Ozocubu's Armour         Ice            26%          3%          3
 Animate Skeleton         Necr           6%           16%         1
 Apportation              Tloc           6%           16%         1
 Corona                   Hex            3%           16%         1
 Summon Small Mammal      Summ           12%          16%         1
 Hailstorm                Conj/Ice       14%          36%         4
 Summon Ice Beast         Ice/Summ       14%          36%         4


Dungeon Overview and Level Annotations

Branches:
Dungeon (3/15)

Altars:

Annotations:
D:3 Grinder


Message History

Press: ? - help, Q - select action, (/) - cycle Shift-Dir - straight line, f/p - Grinder
Aim: Grinder (heavily wounded, poisoned, 53% to hit)
You throw a poisoned dart. The poisoned dart hits Grinder.
Grinder is heavily wounded.
Grinder resists.
The wall freezes Grinder.
Aiming: Freeze (safe; 1% risk of failure)
Press: ? - help, Q - select action, (/) - cycle Shift-Dir - straight line, f/p - Grinder
Aim: Grinder (heavily wounded, poisoned) Grinder resists.
You freeze Grinder.
Grinder is heavily wounded.
Grinder resists.
The wall freezes Grinder.
Grinder closely misses you.
Aiming: Freeze (safe; 1% risk of failure)
Press: ? - help, Q - select action, (/) - cycle Shift-Dir - straight line, f/p - Grinder
Aim: Grinder (heavily wounded, poisoned) Grinder resists.
You freeze Grinder.
Grinder is heavily wounded.
Grinder resists.
The wall freezes Grinder.
Grinder hits you.
* * * LOW HITPOINT WARNING * * *
You writhe in agony.
You die...

...5. .....##
...... #.....#
.....##.....###
#...........
#......# ##.....#
#.....#
##########..#.####
#@.(..........((..
#5###.(......#.(##
#.###......#.# ...
#..##......#... ..
##.........##.##
####.........#
#.†....####
#......# #......#


You could see Grinder (poisoned).

Vanquished Creatures
  Sigmund (D:3)
  An orc wizard (D:3)
  A worker ant (D:3)
  4 adders
  2 oozes
  2 worms (D:2)
  3 dart slugs
  3 leopard geckos
  4 orcs (D:3)
  4 bats
  3 giant cockroaches
  6 goblins
  9 hobgoblins
  A quokka (D:2)
  2 ball pythons
  5 frilled lizards
  7 kobolds
  7 rats
65 creatures vanquished.

Notes
Turn   | Place    | Note
-------+----------+-------------------------------------------
     0 | D:1      | nothank2 the Merfolk Ice Elementalist began the quest for
                  | the Orb.
     0 | D:1      | Reached XP level 1. HP: 13/13 MP: 3/3
   274 | D:1      | Reached XP level 2. HP: 11/19 MP: 0/5
   585 | D:1      | Reached skill level 5 in Ice Magic
  1027 | D:1      | Reached XP level 3. HP: 24/24 MP: 6/6
  1132 | D:1      | Learned a level 3 spell: Frozen Ramparts
  1496 | D:2      | Reached skill level 1 in Short Blades
  1506 | D:2      | Reached XP level 4. HP: 22/30 MP: 1/7
  2123 | D:3      | Reached XP level 5. HP: 35/35 MP: 5/9
  2243 | D:3      | Noticed Sigmund
  2260 | D:3      | Killed Sigmund
  2261 | D:3      | Reached skill level 6 in Ice Magic
  2261 | D:3      | Reached XP level 6. HP: 21/41 MP: 7/12
  2525 | D:3      | Noticed Grinder
  2560 | D:3      | Paralysed by Grinder for 4 turns
  2567 | D:3      | HP: 2/41 [Grinder (4)]
  2567 | D:3      | Slain by Grinder

Illustrated notes

Levels and vault maps discovered:
D:1:      minmay_arrival_split_and_join, layout_loops_ring
D:2:      layout_rooms, minmay_split_cup_small
D:3:      layout_rooms, chequers_temple_overflow_minitemple,
          ebering_ghost_sewer_f, uniq_grinder, uniq_sigmund

Skill      XL: |  1  2  3  4  5 |
---------------+----------------+-----
Ice Magic      | 5 6 |  6.5
Short Blades   | 1 |  1.0
Spellcasting   | 3 4 |  4.4
Dodging        | |  2.6
Stealth        | |  2.1
Evocations     | |  0.2

Action                   |  1- 3 |  4- 6 || total
-------------------------+-------+-------++-------
Melee: Dagger            |    64 |    73 ||   137
Throw: Dart              |     1 |     9 ||    10
 Cast: Freeze            |    41 |    14 ||    55
       Frozen Ramparts   |       |     9 ||     9
Evoke: Wand              |       |     4 ||     4
 Stab: Sleeping          |     3 |     3 ||     6
Armor: Robe              |    21 |    28 ||    49
Dodge: Dodged            |    65 |    53 ||   118
